 Dungeon Crawl Stone Soup version 0.16.1-11-g651b585 (webtiles) character file.

30 hulla the Changer (level 3, -1/23 HPs)
             Began as an Octopode Transmuter on Apr 2, 2015.
             Slain by Terence
             ... wielding a +0 hand axe of flaming
              (6 damage)
             ... on level 2 of the Dungeon.
             The game lasted 00:03:24 (910 turns).

hulla the Changer (Octopode Transmuter)              Turns: 910, Time: 00:03:24

Health: -1/23      AC:  1    Str:  9    XL:     3   Next: 18%
Magic:  6/6        EV: 15    Int: 16    God:
Gold:   28         SH:  0    Dex: 12    Spells: 3 memorised, 0 levels left

rFire  . . .     SeeInvis .     e - +0 spear
rCold  . . .     Clarity  .     (no shield)
rNeg   . . .     SustAb   .     (helmet restricted)
rPois  .         Gourm    .     (no amulet)
rElec  .         Spirit   .     g - +3 ring of evasion
rCorr  .         Warding  .     (no ring)
rMut   .         Stasis   .     (no ring)
MR     .....                    (no ring)
Stlth  ++........               (no ring)
                                (no ring)
                                (no ring)
                                (no ring)

@: appendage (expiring), not resistant to hostile enchantments, unstealthy
A: almost no armour, amphibious, 8 rings, constrict 8, tentacle spike 3,
camouflage 1, gelatinous body 1
a: End Transformation


You were on level 2 of the Dungeon.
You were not hungry.
One of your tentacles had a temporary spike.
You visited 1 branch of the dungeon, and saw 2 of its levels.

You collected 28 gold pieces.

Inventory:

Hand weapons
 c - a +0 hunting sling
 e - a +0 spear (weapon)
Missiles
 b - 12 arrows
Jewellery
 g - a +3 ring of evasion (left tentacle)
Scrolls
 j - 2 scrolls of blinking
 m - a scroll of fog
Books
 d - a book of Changes

   Spells                             Type                      Level
   a - Beastly Appendage              Transmutation                1
   b - Sticks to Snakes               Transmutation                2
   c - Spider Form                    Transmutation/Poison         3
   d - Ice Form                       Ice/Transmutation            4
   e - Blade Hands                    Transmutation                5
Comestibles
 a - 2 bread rations


   Skills:
 - Level 1.0 Fighting
 - Level 2.0 Dodging
 - Level 3.0 Unarmed Combat
 - Level 2.0 Spellcasting
 + Level 3.5 Transmutations
 * Level 0.0 Poison Magic


You couldn't memorise any spells.
You knew the following spells:

 Your Spells              Type           Power        Failure   Level  Hunger
a - Beastly Appendage     Trmt           ##....       6%          1    #......
b - Spider Form           Trmt/Pois      #.........   34%         3    ###....
c - Sticks to Snakes      Trmt           ##........   10%         2    ###....


Dungeon Overview and Level Annotations

Branches:
Dungeon (2/15)

Altars:

Annotations:
D:2 Terence


Innate Abilities, Weirdness & Mutations

You cannot wear most types of armour.
You are amphibious.
You can wear up to eight rings at the same time.
You can use your tentacles to constrict many enemies at once.
Your skin changes colour to match your surroundings (Stealth).
Your rubbery body absorbs attacks (AC +1).
One of your tentacles bears a large vicious spike.


Message History

Terence is severely wounded.
You constrict Terence, but do no damage.
Terence asks, "Do you want it fast or slow?"
Terence barely misses you. The hobgoblin hits you.
You hit Terence.
Terence is severely wounded.
You constrict Terence.
Terence hits you with a hand axe of flaming.
* * * LOW HITPOINT WARNING * * *
Terence burns you.
* * * LOW HITPOINT WARNING * * *
The hobgoblin barely misses you.
You aren't carrying any potions.
Read which item? (? for menu, Esc to quit)
Okay, then.
You barely miss Terence.
You pierce Terence, but do no damage.
Terence is severely wounded.
You constrict Terence. The hobgoblin closely misses you.
Terence hits you with a hand axe of flaming.
You die...

##+## # ##...## #.###
##...<.##
##....####.......##
##....g............#
#...$.@@...........+
#.......###..<......#
#................<##
##.#########.....## #
##..PP.. ##+PP.P ..♣
#.


You could see Terence and a hobgoblin.

Vanquished Creatures
  A giant gecko (D:1)
  An ooze (D:1)
  A ball python (D:1)
  4 bats (D:1)
  A giant cockroach (D:1)
  5 hobgoblins (D:1)
  2 giant newts (D:1)
  6 goblins (D:1)
  3 kobolds (D:1)
  A rat (D:1)
25 creatures vanquished.

Notes
Turn   | Place    | Note
--------------------------------------------------------------
     0 | D:1      | hulla, the Octopode Transmuter, began the quest for the Orb.
     0 | D:1      | Reached XP level 1. HP: 13/13 MP: 3/3
   139 | D:1      | Reached XP level 2. HP: 13/18 MP: 4/4
   398 | D:1      | Reached XP level 3. HP: 20/23 MP: 6/6
   403 | D:1      | Learned a level 3 spell: Spider Form
   406 | D:1      | Learned a level 2 spell: Sticks to Snakes
   899 | D:2      | Noticed Terence
   910 | D:2      | Slain by Terence

Action                   || total
-------------------------++-------
Melee: Spear             ||    62
       Unarmed           ||     6
 Cast: Beastly Appendage ||     1
  Use: Scroll            ||     3
       Potion            ||     3
 Stab: Sleeping          ||     4
